[Event "FIDE World School-ch O-15 2025"]
[Site "Vrnjacka Banja"]
[Date "2025.03.26"]
[Round "7.1"]
[White "Talgatov, Nazar"]
[Black "Scheglov, Gleb"]
[Result "0-1"]
[Annotator "TA"]
[ECO "B15"]
[WhiteElo "2083"]
[BlackElo "2306"]
[PlyCount "86"]
[EventDate "2025.03.19"]
[EventType "swiss"]
[EventCountry "SRB"]
[SourceTitle "playchess.com"]
[Source "ChessBase"]
[SourceQuality "1"]
[TimeControl "5400+30"]

1. e4 c6 2. d4 d5 3. Nd2 dxe4 4. Nxe4 Nf6 5. Nxf6+ exf6 6. c3 Bd6 7. Bd3 O-O 8. Qc2 Re8+ {[%emt 0:00:07] B15: Caro-Kann: 3 Nc3: 3...g6 and 3...dxe4 4 Nxe4 Nf6 5 Nxf6+ exf6.} 9. Ne2 h5 10. Be3 Nd7 {[%emt 1:30:00][%cal Of6f5] White has an edge.} 11. c4 f5 $146 (11... Nf8 12. O-O-O Be6 13. Kb1 Ng6 14. h3 h4 15. Rhe1 Ne7 16. Nc3 Qd7 17. a3 Rac8 {1-0 Nepomniachtchi,I (2771)-Dreev,A (2606) Moscow Dvoretsky Memorial Blitz 2023 (6)}) 12. Bxf5 Nf6 {[%emt 0:00:00] [#]} 13. Bxc8 (13. O-O $14) 13... Rxc8 $11 14. h3 {[%emt 0:00:00] Against Ng4} Bb4+ {[%emt 0:00:00][%mdl 1024] Black sacrificed a pawn Black has compensation.} 15. Kf1 Ne4 (15... b5 $11) 16. g3 ({White should try} 16. h4 $14) 16... h4 $15 (16... Qf6 {with more complications.} 17. Kg2 h4 18. g4 Nd2) 17. g4 Qd7 ({Better is} 17... Qf6 $1 $15 18. Kg2 Nd2) 18. Rd1 b5 19. Kg2 Nd6 20. b3 bxc4 21. bxc4 c5 $1 22. dxc5 Bxc5 23. Bxc5 Rxc5 24. Qd3 (24. Nd4 $11 {keeps the balance.}) 24... Qc6+ $17 (24... Rxc4 25. Qxc4 (25. Qxd6 Qxd6 26. Rxd6 Rxe2 $17) 25... Qb7+ 26. Qd5 Rxe2 27. Qf3 (27. Qxb7 Nxb7 28. Rhe1 Rxe1 $18) 27... Qxf3+ 28. Kxf3 $18) 25. Qf3 Rxe2 26. Rxd6 Rxf2+ {[%emt 0:00:00] Black attacks} 27. Kxf2 Qxd6 {[%emt 0:00:00][%mdl 4096] Endgame KQR-KQR} 28. Rd1 {[%emt 0:00:30] [#]} Qb6 {[%emt 0:00:00] aiming for ...Rf5+.} 29. Qe3 Qf6+ 30. Kg2 (30. Qf3 $142) 30... Rxc4 $19 31. Qd3 Qc6+ 32. Kg1 Qb6+ 33. Kg2 Rc8 34. Rb1 (34. Rd2) 34... Qc6+ 35. Kg1 Qc5+ 36. Kh1 Re8 37. Kg2 (37. Rf1 {might work better.}) 37... Qa5 38. Rb2 Rd8 39. Qe4 {[%emt 0:00:47] Now White is beyond hope.} (39. Qb3 $17) 39... Qc3 {[%emt 0:00:12] ( -> ...Qg3+)} 40. Rf2 Qg3+ 41. Kf1 Qxh3+ 42. Ke2 Qc3 {[%emt 0:00:21] ( -> ...Rd2+)} 43. Qe7 Qd3+ {[%emt 0:00:04] Weighted Error Value: White=0.60/Black=0.15 (very precise)   Loses game:     	White=1     	---        Mistake:       	White=6     	Black=2      Inaccurate:     	White=1     	Black=1      OK:         	White=9     	Black=15     Best:        	White=4     	Black=4      Strong:       	---       	Black=1} 0-1

[Event "FIDE World School-ch O-15 2025"]
[Site "Vrnjacka Banja"]
[Date "2025.03.26"]
[Round "7.2"]
[White "Yessengali, Adizhan"]
[Black "Tabatadze, Erekle"]
[Result "0-1"]
[Annotator "TA"]
[ECO "E18"]
[WhiteElo "1955"]
[BlackElo "2180"]
[PlyCount "100"]
[EventDate "2025.03.19"]
[EventType "swiss"]
[EventCountry "SRB"]
[SourceTitle "playchess.com"]
[Source "ChessBase"]
[SourceQuality "1"]
[TimeControl "5400+30"]

1. d4 Nf6 2. c4 e6 3. Nf3 b6 4. g3 Bb7 5. Bg2 Be7 6. O-O O-O 7. Nc3 d5 8. cxd5 Nxd5 9. Ne5 Nxc3 10. bxc3 Bxg2 11. Kxg2 c5 12. Qd3 {[%emt 0:05:52] E18: Queen's Indian: Old Main Line (4 g3 Bb7 5 Bg2 Be7 6 0-0 0-0 7 Nc3).} cxd4 $146 (12... Qc7 13. Rd1 Nc6 14. Nxc6 Qxc6+ 15. e4 cxd4 16. cxd4 Rfd8 17. Bb2 Rac8 18. Rac1 Qb7 19. Rxc8 Qxc8 {1-0 Reimann,R (2193)-Kolb,W (2066) Augsburg op 2013 (2)}) 13. cxd4 Qd5+ 14. e4 {[%emt 0:00:00] The position is equal.} Qb7 15. Bf4 Nd7 16. Rac1 {[%emt 0:00:00][%cal Oe5f7] Nxf7! is the strong threat.} Rac8 17. f3 Rfd8 18. Rxc8 Qxc8 19. Nxd7 Qxd7 20. Rc1 Bc5 21. Be3 h6 (21... Bxd4 $2 22. Qxd4 Qe7 (22... Qxd4 $2 23. Bxd4 h5 24. Bf2 $18) 23. Qc3 $18) 22. Rc4 Bd6 {[%emt 0:03:07] Not much happening anymore} 23. d5 Be5 {[%emt 0:01:34][%cal Re6d5] Prevents Rd4.} 24. f4 Bf6 25. d6 Qxd6 26. Qxd6 Rxd6 $11 {[%emt 0:00:04][%mdl 4096] Endgame KRB-KRB. Black is a pawn up.} 27. e5 Rd3 28. Kf2 Bd8 29. Rc8 Kf8 30. Ra8 Rd7 31. g4 Ke8 32. h4 (32. Kf3 $11) 32... Rc7 (32... Rd5 $1 $15) 33. f5 exf5 34. gxf5 Kd7 35. h5 Rc2+ 36. Kf3 Rxa2 37. Bf2 (37. Bd4 $11) 37... Bc7 (37... Ra4 $1 $17) 38. Bd4 $1 Kc6 39. Ke4 Re2+ 40. Kd3 Re1 41. Kd2 {[%emt 0:01:58] [#]} (41. Bc3 $1 $11 {keeps the balance.} Rh1 42. e6 Rh3+ (42... Rxh5 $2 43. e7 $18) (42... fxe6 43. fxe6 Rh3+ 44. Ke4 $15) 43. Ke4 fxe6 (43... Rxc3 $2 44. e7 $18) 44. fxe6) 41... Re4 $1 $17 42. Kd3 (42. Bb2 $17 {was worth a try.}) 42... Kd5 $19 43. Bc3 Rh4 {[%emt 0:00:15] and ...Rh3+ would now be decisive} ({Stronger than} 43... Bxe5 44. Rd8+ (44. Rxa7 $2 {is the wrong capture.} Rh4 $19) 44... Kc5 45. Rc8+ Kd5 46. Rd8+ Kc5 47. Kxe4 Bxc3 48. Rc8+ (48. Rd7 a5 $11) 48... Kb4 49. Kd3 $11 (49. Rc7 a5 $11)) 44. e6 fxe6 45. Rxa7 {[%emt 0:00:05] [#]} Rh3+ $2 (45... Bd6 $1 $19 46. fxe6 Rh3+ (46... Kxe6 47. Bxg7 Rh3+ 48. Kd2 $15) (46... Rxh5 47. e7 $11) 47. Kc2 Kxe6 48. Bxg7 Rxh5) 46. Kc2 $15 Bd6 47. fxe6 {[%emt 0:00:26] This move loses the game for White.} (47. Rd7 $1 $11 {and White has nothing to worry.}) 47... Kxe6 $19 48. Rxg7 $2 {[%emt 0:00:11] [#]} (48. Bxg7 Rh2+ (48... Rxh5 $2 49. Bd4 $19) 49. Kd3) 48... Rxc3+ $1 {[%emt 0:00:04][%mdl 512] Black is clearly winning.} 49. Kd2 (49. Kb2 Rg3) 49... Rh3 50. Rg6+ Kd5 {[%emt 0:00:05] Weighted Error Value: White=0.53/Black=0.12 (very precise)   Loses game:     	White=1     	---        Missed win:     	---       	Black=1      Mistake:       	White=5     	Black=2      Inaccurate:     	White=1     	---        OK:         	White=9     	Black=17     Best:        	White=3     	Black=1      Strong:       	White=1     	Black=1      Brilliant:      	---       	Black=1} 0-1

[Event "FIDE World School-ch O-15 2025"]
[Site "Vrnjacka Banja"]
[Date "2025.03.26"]
[Round "7.3"]
[White "Tulendinov, Dinmukhammed"]
[Black "Kabinazar, Nurmukhammed"]
[Result "1/2-1/2"]
[Annotator "TA"]
[ECO "C80"]
[WhiteElo "2173"]
[BlackElo "2057"]
[PlyCount "96"]
[EventDate "2025.03.19"]
[EventType "swiss"]
[EventCountry "SRB"]
[SourceTitle "playchess.com"]
[Source "ChessBase"]
[SourceQuality "1"]
[TimeControl "5400+30"]

1. e4 e5 2. Nf3 Nc6 3. Bb5 a6 4. Ba4 Nf6 5. O-O Nxe4 6. Re1 Nc5 7. Bxc6 dxc6 8. d4 Ne6 {[%emt 0:00:22][%cal Re5d4] Prevents Bg5. C80: Open Ruy Lopez: Sidelines and 9 Nbd2.} 9. Rxe5 Bd6 10. Re1 O-O {[%emt 0:00:26] The position is equal.} 11. Nbd2 b6 12. Ne4 Be7 13. b3 $146 (13. c3 Bb7 14. Ng3 c5 15. Nf5 Bf6 16. dxc5 Nxc5 17. Qxd8 Raxd8 18. N5d4 Nd3 19. Rd1 Nxc1 20. Raxc1 {0-1 Sipos,S (1674)-Sulyok,E (1857) EU-ch U18 Girls rapid 2023 (1)}) 13... a5 14. Bb2 Bb7 15. c4 a4 16. Qc2 b5 (16... Bb4 $14 {deserves consideration.}) 17. Rad1 $16 axb3 18. axb3 Bb4 19. Bc3 Bxc3 20. Qxc3 Qc8 (20... Re8 $14) 21. Ne5 (21. Nh4 $142) 21... Ra2 (21... Kh8 $16 22. cxb5 cxb5) 22. Nd3 (22. Qg3 $18 f6 23. Nxc6 Bxc6 24. d5) 22... Qd8 {[%emt 0:04:16] [#]} 23. Nb4 $1 Ra8 24. d5 cxd5 25. cxd5 Nf4 26. Qg3 Ng6 (26... Nxd5 $2 27. Nxd5 Bxd5 28. Rxd5 $18) 27. Nc5 Bc8 28. Nc6 $36 {[%emt 0:00:00][%mdl 2048] White has strong initiative. White has more active pieces.} Qf6 (28... Qd6 $16) 29. Ne4 {[%emt 0:02:51] Excellent horsemanship.} (29. Qxc7 $18 {Threatens to win with Ne4.} Bg4 30. f3) 29... Qb2 (29... Qf4 $16 30. Ne7+ Kh8 31. Nxc8 Raxc8) 30. Rb1 Qa3 31. Qxc7 Bf5 32. f3 h5 33. Qb6 Nf4 {[%emt 0:01:07] [#]} (33... Rfe8 $16 34. Qd4 (34. Qxb5 Nf4 $16) 34... Bxe4 35. fxe4 Ne7) 34. Qd4 $1 $18 (34. Qxb5 $6 Qa2 35. Qf1 (35. Ne7+ $2 Kh7 $17) 35... Nxd5 $16) 34... Kh8 (34... Rfe8 $142 35. d6 Bxe4 36. fxe4 Qa6) 35. Qd2 Bxe4 36. fxe4 Qd6 37. Kh1 Rfc8 38. Rbd1 h4 39. Qf2 Qh6 40. Rf1 g5 41. Ra1 (41. Ne7 $18 {has better winning chances.}) 41... Rxa1 $16 42. Rxa1 Kh7 (42... Qf6 $16 {is a better defense.} 43. Rf1 Ra8) 43. Rd1 $18 Qg6 (43... Rxc6 $16 44. dxc6 Qxc6) 44. Qf3 Qf6 {[%emt 0:00:38] Dodges Ne7} (44... Qh5 45. Qxh5+ Nxh5) 45. g3 $2 (45. e5 $18 Qf5 46. Ne7 Qxe5 47. Nxc8) 45... hxg3 $11 46. hxg3 {[%emt 0:00:05] [#]} Nxd5 47. Nd4 ({Don't go for} 47. Qh5+ $2 Kg7 48. e5 (48. exd5 $2 {is the wrong capture.} Rh8 $19) 48... Qxc6 $19) (47. Rd3 g4) 47... Qh6+ (47... Qxf3+ $11 48. Nxf3 Nf6) 48. Kg2 $18 g4 {[%emt 0:00:30][%mdl 32768] Weighted Error Value: White=0.37/Black=0.50 An unexpected result.  Loses game:     	---       	Black=1      Missed win:     	White=2     	---        Mistake:       	White=3     	Black=10     Inaccurate:     	White=1     	Black=3      OK:         	White=15    	Black=10     Best:        	White=3     	Black=1      Brilliant:      	---       	Black=1} 1/2-1/2

[Event "FIDE World School-ch O-15 2025"]
[Site "Vrnjacka Banja"]
[Date "2025.03.26"]
[Round "7.4"]
[White "Khaleev, Timofey D"]
[Black "Harabor, David-Alexandru"]
[Result "1/2-1/2"]
[Annotator "NA RC"]
[ECO "B33"]
[WhiteElo "1919"]
[BlackElo "1989"]
[PlyCount "100"]
[EventDate "2025.03.19"]
[EventType "swiss"]
[EventCountry "SRB"]
[SourceTitle "playchess.com"]
[Source "ChessBase"]
[SourceQuality "1"]
[TimeControl "5400+30"]

1. e4 c5 2. Nf3 Nc6 3. d4 cxd4 4. Nxd4 e5 5. Nb5 Nf6 6. N1c3 d6 7. Bg5 a6 8. Na3 b5 9. Nd5 Be7 10. Bxf6 Bxf6 11. c3 Bg5 12. Nc2 O-O 13. h4 Bh6 14. g4 Bf4 15. Qf3 Bb7 16. Bg2 f5 17. gxf5 Ne7 18. Nxf4 exf4 19. Qxf4 Nxf5 20. exf5 Bxg2 21. Rg1 Qe7+ 22. Ne3 Be4 23. O-O-O Qe5 24. Qxe5 dxe5 25. Rd7 Rf7 26. Rxf7 Kxf7 27. Ng4 Re8 28. Re1 Bxf5 29. Nxe5+ Kf6 30. Ng4+ Kf7 31. Rxe8 Kxe8 32. Ne5 Ke7 33. Kd2 Kf6 34. Nd3 g5 35. h5 Bg4 36. Nc5 Bxh5 37. Nxa6 Be8 38. Ke3 h5 39. Nb4 h4 40. f3 Kf5 41. Kf2 Ke5 42. Nc2 Kf4 43. Nd4 Bd7 44. Ne2+ Ke5 45. Nd4 Kf4 46. b3 Ke5 47. Ne2 Bc6 48. Nd4 Bd7 49. Ne2 Bc6 50. Nd4 Bd7 1/2-1/2

[Event "FIDE World School-ch O-15 2025"]
[Site "Vrnjacka Banja"]
[Date "2025.03.26"]
[Round "7.5"]
[White "Qusaiyn, Altynbek"]
[Black "Urangoo, Gurvanbaatar"]
[Result "0-1"]
[Annotator "NA RC"]
[ECO "C54"]
[WhiteElo "1972"]
[BlackElo "1982"]
[PlyCount "146"]
[EventDate "2025.03.19"]
[EventType "swiss"]
[EventCountry "SRB"]
[SourceTitle "playchess.com"]
[Source "ChessBase"]
[SourceQuality "1"]
[TimeControl "5400+30"]

1. e4 e5 2. Nf3 Nc6 3. Bc4 Bc5 4. c3 Nf6 5. d3 d6 6. a4 a6 7. Be3 Ba7 8. O-O h6 9. Nbd2 O-O 10. Re1 Be6 11. a5 Bxe3 12. fxe3 d5 13. exd5 Bxd5 14. e4 Bxc4 15. Nxc4 Qe7 16. b4 Rad8 17. Qe2 Rfe8 18. Rf1 Qd7 19. Rad1 Re6 20. Kh1 Ne8 21. Qe1 Nd6 22. Ne3 Ne7 23. g3 Qc6 24. Kg1 Nb5 25. Nc4 Ng6 26. Rf2 Qe8 27. Ne3 Red6 28. c4 Na7 29. Qc3 f6 30. Nf5 Re6 31. Qb3 Kh7 32. Rb2 c6 33. Qc2 Kh8 34. Rdb1 Ne7 35. Qf2 Nac8 36. Nxe7 Rxe7 37. Ne1 Nd6 38. Ng2 Red7 39. Rf1 Qh5 40. Qe3 Nf7 41. Ne1 Nd6 42. Nf3 Qg4 43. Kg2 Nf7 44. h3 Qg6 45. Rd1 Nd6 46. Rdd2 Qf7 47. Rf2 Qe6 48. Nh4 Nf7 49. Rb3 Ng5 50. Nf5 Qf7 51. h4 Ne6 52. Ra3 Qg6 53. Kh3 Qh7 54. b5 cxb5 55. cxb5 axb5 56. Qb6 Qg8 57. Qxb5 Qf7 58. Rc2 g6 59. Nxh6 Qg7 60. Qc4 Nd4 61. Rf2 Qxh6 62. Rxf6 Qg7 63. Rb6 Rc7 64. Qa4 Qf7 65. Ra1 Nc6 66. Qd1 Qd7+ 67. Kg2 Qd4 68. Rab1 Rdd7 69. Qg4 Qd6 70. R6b5 Rf7 71. Rd5 Qf6 72. Ra1 Nb4 73. Rb5 Nc2 0-1

[Event "FIDE World School-ch O-15 2025"]
[Site "Vrnjacka Banja"]
[Date "2025.03.26"]
[Round "7.6"]
[White "Ashikmamutov, Saidkhon"]
[Black "Mane, Arnav"]
[Result "1-0"]
[Annotator "NA RC"]
[ECO "A01"]
[WhiteElo "1978"]
[BlackElo "1748"]
[PlyCount "63"]
[EventDate "2025.03.19"]
[EventType "swiss"]
[EventCountry "SRB"]
[SourceTitle "playchess.com"]
[Source "ChessBase"]
[SourceQuality "1"]
[TimeControl "5400+30"]

1. b3 e5 2. Bb2 Nc6 3. e3 d6 4. Bb5 Nge7 5. d4 a6 6. Be2 exd4 7. exd4 d5 8. Nf3 g6 9. O-O Bg7 10. Nbd2 O-O 11. c3 Nf5 12. b4 Nce7 13. a4 b6 14. a5 Nc6 15. Nb3 b5 16. Nc5 Nd6 17. Bd3 Nb7 18. Nxb7 Bxb7 19. Nd2 Bc8 20. Nb3 Nb8 21. Qf3 c6 22. Rae1 Ra7 23. Bc1 Qh4 24. Bf4 Bg4 25. Qe3 Nd7 26. h3 Bxh3 27. gxh3 h6 28. Qg3 Qf6 29. Bd6 Rc8 30. Be7 Qe6 31. Rxe6 fxe6 32. Qxg6 1-0

[Event "FIDE World School-ch O-15 2025"]
[Site "Vrnjacka Banja"]
[Date "2025.03.26"]
[Round "7.7"]
[White "Markovic, Kosta"]
[Black "Dandeniya, D D L N"]
[Result "1/2-1/2"]
[Annotator "NA RC"]
[ECO "C16"]
[WhiteElo "1903"]
[BlackElo "1881"]
[PlyCount "57"]
[EventDate "2025.03.19"]
[EventType "swiss"]
[EventCountry "SRB"]
[SourceTitle "playchess.com"]
[Source "ChessBase"]
[SourceQuality "1"]
[TimeControl "5400+30"]

1. e4 e6 2. d4 d5 3. Nc3 Bb4 4. e5 Ne7 5. Nf3 Bxc3+ 6. bxc3 b6 7. Bd3 Ba6 8. O-O Qd7 9. a4 Bxd3 10. cxd3 Nbc6 11. Bf4 Na5 12. Nd2 Rc8 13. Nb3 Nxb3 14. Qxb3 Nc6 15. Qb5 Na5 16. Qxd7+ Kxd7 17. Be3 f5 18. exf6 gxf6 19. Rab1 h5 20. f3 h4 21. Kf2 Rhg8 22. Rg1 Ke7 23. g4 hxg3+ 24. hxg3 Rh8 25. Rh1 Nc6 26. g4 e5 27. dxe5 fxe5 28. d4 a5 29. dxe5 1/2-1/2

[Event "FIDE World School-ch O-15 2025"]
[Site "Vrnjacka Banja"]
[Date "2025.03.26"]
[Round "7.8"]
[White "Daksh Santosh Nathani"]
[Black "Leu, Dragos Stefan"]
[Result "1-0"]
[Annotator "TA"]
[ECO "B20"]
[WhiteElo "1664"]
[BlackElo "2165"]
[PlyCount "91"]
[EventDate "2025.03.19"]
[EventType "swiss"]
[EventCountry "SRB"]
[SourceTitle "playchess.com"]
[Source "ChessBase"]
[SourceQuality "1"]
[TimeControl "5400+30"]

1. e4 c5 2. a3 d6 3. Nc3 Nc6 4. Bc4 Nf6 5. d3 e6 6. Ba2 {[%emt 0:00:07] B20: Sicilian: Unusual White 2nd moves.} Be7 7. f4 O-O 8. Nf3 {[%emt 0:00:49] The position is equal.} d5 9. Qe2 {[%emt 0:10:31] [#]} (9. O-O $11) 9... b5 $146 (9... a6 10. O-O b5 11. e5 Nd7 12. Nd1 Re8 13. c3 Nf8 14. d4 Qb6 15. Be3 a5 {0-1 Kilpela,P (2083)-Nystrom,L Helsinki We HSL 7th 2010 (4)}) 10. O-O (10. e5 Nd7) 10... b4 11. Nd1 dxe4 12. dxe4 Nd4 13. Qd3 (13. Nxd4 $11 Qxd4+ 14. Nf2 bxa3 15. Rb1 (15. c3 axb2 16. Bxb2 Qd7 $15)) 13... Qb6 $17 14. Nf2 Rd8 $1 15. Bc4 {[%emt 0:05:14] Repels Ba6} Bb7 16. g4 $2 (16. Re1 $17 {might work better.}) 16... Qc6 $2 (16... Nxf3+ $19 {has better winning chances.} 17. Qxf3 Rd4) 17. Ne5 {[%emt 0:01:05][%csl Od4] Strong Square Black (d4)} Qc7 (17... Qc8 $1 $17) 18. g5 $11 Nd7 19. Nfg4 (19. Nxf7 $1 $11 {keeps the balance.} Kxf7 20. c3) 19... Nxe5 $17 20. Nxe5 Nc6 21. Qf3 Nxe5 22. fxe5 Bf8 (22... Qxe5 $19 {and ...Qd4+ would now be decisive} 23. Qxf7+ Kh8) 23. Be3 Rd7 (23... Qxe5 $2 24. Qxf7+ Kh8 25. Qxb7 $18) 24. Qf4 Rad8 25. axb4 ({White should try} 25. h4 $15) 25... cxb4 26. b3 Bc5 (26... a5 $17 27. Bd3 g6) 27. Rae1 {[%emt 0:00:00] [#]} (27. Bxc5 $15 Qxc5+ 28. Kg2) 27... Bxe3+ ({Black should try} 27... a5 $1 $17 28. h4 g6) 28. Rxe3 $15 Rd1 29. Ref3 Rxf1+ 30. Rxf1 Rd7 31. Rf2 Qc6 32. Bd3 a5 33. h4 a4 34. bxa4 Qxa4 (34... Ba6 {simplifies} 35. Bxa6 Qxa6 36. h5 Qxa4 37. Kg2 Qa6) 35. h5 Qa8 36. h6 Qa1+ 37. Kh2 Qd1 38. Rf3 Bc6 $2 {[%emt 0:00:40][%mdl 8192] [#]} (38... Ba6 $11 39. Bxa6 Rd2+ 40. Rf2 Rxf2+ 41. Qxf2 Qh5+ 42. Kg2 Qxg5+ 43. Kf3 Qxh6) 39. g6 $2 hxg6 $11 40. hxg7 $40 {[%emt 0:00:00][%mdl 128] White has some attack.} Kxg7 $2 (40... g5 $11 41. Qf6 Qd2+ 42. Rf2 Qe1) 41. Rh3 $18 {[%emt 0:00:00] Threatening mate with Qf6+. White is clearly winning.} Kg8 42. Qh6 Qh5 43. Rxh5 gxh5 44. Qe3 Rb7 45. Qc5 Bd7 46. Ba6 {[%emt 0:00:00] Quite a comeback for White.   Weighted Error Value: White=0.40/Black=0.62  Loses game:     	White=1     	Black=2      Missed win:     	White=1     	Black=1      Mistake:       	White=5     	Black=4      Inaccurate:     	White=1     	Black=3      OK:         	White=11    	Black=9      Best:        	White=2     	Black=1      Strong:       	---       	Black=1} 1-0